 Dungeon Crawl Stone Soup version 0.17.1-1-g73c8601 (webtiles) character file.

12912 DeXoteric the Destroyer (level 11, -17/92 HPs)
             Began as a Demigod Conjurer on Dec 30, 2015.
             Demolished by a hill giant
             ... wielding a +0 giant club
              (23 damage)
             ... on level 11 of the Dungeon.
             The game lasted 00:56:17 (18344 turns).

DeXoteric the Destroyer (Demigod Conjurer)         Turns: 18344, Time: 00:56:17

Health: -17/92     AC:  5    Str: 11    XL:     11   Next: 41%
Magic:  2/28       EV: 12    Int: 25    God:
Gold:   315        SH:  0    Dex: 16    Spells: 6 memorised, 9 levels left

rFire  . . .     SeeInvis .     a - +2 rapier of Subterfuge {speed, rC+}
rCold  + . .     Clarity  .     n - +0 robe
rNeg   . . .     SustAt   +     (no shield)
rPois  .         Gourm    .     v - +0 helmet
rElec  .         Spirit   .     r - +0 cloak
rCorr  .         Warding  .     (no gloves)
rMut   .         Stasis   .     t - +0 pair of boots (curse)
MR     ++...                    (no amulet)
Stlth  ++........               G - ring of wizardry
                                J - ring of protection from magic

@: very resistant to hostile enchantments, unstealthy
A: high mp 1, sustain attributes
a: no special abilities


You were on level 11 of the Dungeon.
You were not hungry.

You visited 1 branch of the dungeon, and saw 11 of its levels.

You collected 558 gold pieces.
You spent 243 gold pieces at shops.

Inventory:

Hand Weapons
 a - the +2 rapier of Subterfuge (weapon) {speed, rC+}
   (You bought it in a shop on level 4 of the Dungeon)

   Attacks with this weapon are significantly faster.
   It protects you from cold.
 D - a +1 dagger of venom
Armour
 n - a +0 robe (worn)
 r - a +0 cloak (worn)
 t - a cursed +0 pair of boots (worn)
 v - a +0 helmet (worn)
Magical Staves
 w - an uncursed staff of earth
Jewellery
 G - a ring of wizardry (right hand)
 J - a ring of protection from magic (left hand)
Wands
 j - a wand of paralysis (10)
 u - a wand of lightning (10)
 y - a wand of lightning (7)
 B - a wand of fire (7)
 I - a wand of disintegration (13)
 L - a wand of draining (8)
 P - a wand of cold (5)
Scrolls
 h - 2 scrolls of amnesia {unknown}
 k - 4 scrolls of magic mapping
 l - 3 scrolls of fear {unknown}
 m - a scroll of random uselessness {unknown}
 p - 4 scrolls of recharging {unknown}
 z - 4 scrolls of remove curse {unknown}
 A - 3 scrolls of blinking {unknown}
 F - a scroll of teleportation {unknown}
 H - a scroll of enchant weapon {unknown}
 N - 3 scrolls of identify
Potions
 d - a potion of flight
 e - a potion of haste {unknown}
 f - a potion of agility
 i - 4 potions of curing
 o - 3 potions of brilliance
 s - a potion of cancellation {unknown}
 x - a potion of lignification {unknown}
 M - a potion of invisibility {unknown}
Books
 b - a book of Death

   Spells                             Type                      Level
   a - Corpse Rot                     Necromancy                   2
   b - Sublimation of Blood           Necromancy                   2
   c - Agony                          Necromancy                   5
   d - Dispel Undead                  Necromancy                   5
   e - Excruciating Wounds            Charms/Necromancy            5
   f - Bolt of Draining               Conjuration/Necromancy       5
Miscellaneous
 K - a phantom mirror
Comestibles
 c - 9 bread rations
 g - 12 fruits
 q - 10 royal jellies
 C - a meat ration
 E - 4 chunks of flesh


   Skills:
 + Level 7.1 Fighting
 - Level 1.7 Dodging
 - Level 1.7 Stealth
 + Level 9.3 Spellcasting
 + Level 10.5 Conjurations
 - Level 5.0 Hexes
 - Level 5.0 Charms


You had 9 spell levels left.
You knew the following spells:

 Your Spells              Type           Power        Failure   Level  Hunger
a - Magic Dart            Conj           ####         1%          1    None
b - Iskenderun's Mystic   Conj           ######..     1%          4    #......
c - Fulminant Prism       Conj/Hex       ######....   1%          4    #......
s - Searing Ray           Conj           ######       1%          2    None
z - Iskenderun's Battles  Conj/Chrm      ######..     3%          5    ####...
D - Dazzling Spray        Conj/Hex       ######..     1%          3    None


Dungeon Overview and Level Annotations

Branches:
Dungeon (11/15)            Temple (0/1) D:7             Orc (0/4) D:10
   Lair: D:8-11

Shops:
D:4 (


Innate Abilities, Weirdness & Mutations

You have an increased reservoir of magic (+10% MP).
Your attributes are resistant to harm.


Message History

Your fulminant prism crackles loudly.
You take 1 damage, and have 9/92 hp.
Something hits you!
* * * LOW HITPOINT WARNING * * *
The blast of energy engulfs the hill giant.
The blast of energy engulfs something.
The blast of energy engulfs the manticore.
You take 7 damage, and have 2/92 hp.
Drink which item? (? for menu, Esc to quit)
You feel better. Something hits you!
* * * LOW HITPOINT WARNING * * *
You take 1 damage, and have 1/92 hp.
Drink which item? (? for menu, Esc to quit)
Okay, then.
Read which item? (? for menu, Esc to quit)
Okay, then.
Drink which item? (? for menu, Esc to quit)
You feel better.
The hill giant hits you with a giant club!!
You die...

### #<# #.###########
#...........#
#############.# #
#.#..........##.#
#.#.#.##...###.##.#
#.#.#.##(..###.##.#######
...+...p...............>
#)####.C.....##......#.
#..###.......##......#.
#..###........H...##......#.
........########5..#......#.
#..###.#.......+...'......#.
#..#.....#######C..##.....#.
#..###...# #.).######.#.
........#.#### ##H## #.#.


You could see a hill giant, a manticore and a shadow imp.

Vanquished Creatures
  The ghost of SeriousMike the Carver, a journeyman FoFi of Elyvilon (D:9)
  Erica (D:10)
  2 hill giants (D:10)
  The ghost of grizfap the Ducker, a novice DrBe of Trog (D:5)
  3 trolls
  A two-headed ogre (D:9)
  A deep elf mage (D:9)
  2 hippogriffs
  7 yaks
  2 hungry ghosts (D:10)
  A soldier ant (D:8)
  2 black bears
  3 ice beasts
  4 sky beasts
  A wasp (D:8)
  7 orc warriors
  4 phantoms
  6 centaurs
  A crocodile (D:9)
  3 ogres
  2 big kobolds
  Blork the orc (D:5)
  4 giant frogs
  5 wights (D:7)
  3 scorpions
  A water moccasin skeleton (D:8)
  12 killer bees
  2 electric eels (D:10)
  4 crimson imps
  A quasit (D:9)
  A gnoll shaman (D:6)
  3 jellies
  5 centaur skeletons
  2 centaur zombies
  12 orc priests
  13 orc wizards
  Crazy Yiuf (D:4)
  4 giant frog skeletons
  Ijyb (D:3)
  8 hounds
  11 worker ants
  Natasha (thrice) (D:3)
  2 iguanas
  2 hound zombies
  2 worker ant zombies
  7 gnolls
  15 adders
  2 river rats (D:5)
  4 shadow imps
  An ooze (D:1)
  An adder zombie (D:5)
  5 adder skeletons
  2 worms
  7 giant geckos
  49 orcs
  3 ball pythons
  14 bats
  12 giant cockroaches
  9 goblins
  10 hobgoblins
  6 jackals
  22 kobolds
  A ball python zombie (D:5)
  2 giant gecko zombies (D:5)
  7 giant newts
  4 quokkas
  A quokka skeleton (D:5)
  11 rats
353 creatures vanquished.

Vanquished Creatures (others)
  A quokka (D:10)
  40 fulminant prisms
41 creatures vanquished.

Grand Total: 394 creatures vanquished

Notes
Turn   | Place    | Note
--------------------------------------------------------------
     0 | D:1      | DeXoteric the Demigod Conjurer began the quest for the Orb.
     0 | D:1      | Reached XP level 1. HP: 14/14 MP: 5/5
   213 | D:1      | Reached XP level 2. HP: 20/20 MP: 3/7
   568 | D:1      | Reached skill level 4 in Conjurations
   576 | D:1      | Learned a level 2 spell: Searing Ray
   812 | D:1      | Reached XP level 3. HP: 26/26 MP: 3/9
  2030 | D:2      | Reached XP level 4. HP: 33/33 MP: 8/11
  2036 | D:2      | Learned a level 4 spell: Iskenderun's Mystic Blast
  2090 | D:2      | Found a deep blue altar of Sif Muna.
  2969 | D:3      | Noticed Natasha
  2975 | D:3      | Killed Natasha
  3090 | D:3      | Noticed Ijyb
  3098 | D:3      | Killed Ijyb
  3098 | D:3      | Reached XP level 5. HP: 36/38 MP: 3/13
  3207 | D:3      | Reached skill level 5 in Conjurations
  3561 | D:3      | Noticed Natasha
  3564 | D:3      | Killed Natasha
  3881 | D:3      | Noticed Natasha
  3884 | D:3      | Killed Natasha
  4175 | D:3      | Learned a level 5 spell: Iskenderun's Battlesphere
  4176 | D:3      | Reached XP level 6. HP: 40/45 MP: 12/15
  4829 | D:4      | Reached skill level 1 in Charms
  5258 | D:4      | Found Tuyk's Antique Weapon Emporium.
  5378 | D:4      | Noticed Crazy Yiuf
  5390 | D:4      | Killed Crazy Yiuf
  5469 | D:4      | Reached skill level 6 in Conjurations
  5469 | D:4      | Reached XP level 7. HP: 50/50 MP: 12/17
  5778 | D:5      | Entered Level 5 of the Dungeon
  5851 | D:5      | Noticed grizfap's ghost (novice DrBe)
  5928 | D:5      | Noticed Blork the orc
  5939 | D:5      | Killed Blork the orc
  5942 | D:5      | Reached skill level 5 in Spellcasting
  6557 | D:5      | Killed grizfap's ghost
  6557 | D:5      | Reached XP level 8. HP: 35/57 MP: 16/20
  6695 | D:5      | Reached skill level 7 in Conjurations
  7711 | D:4      | Bought a dazzling rapier for 243 gold pieces
  7711 | D:4      | Identified the +2 rapier of Subterfuge {speed, rC+} (You bought it in a shop on level 4 of the Dungeon)
  8715 | D:6      | Reached skill level 5 in Charms
  9418 | D:6      | Reached skill level 1 in Fighting
  9620 | D:7      | Reached XP level 9. HP: 60/64 MP: 12/22
  9623 | D:7      | Reached skill level 8 in Conjurations
  9730 | D:7      | Found a staircase to the Ecumenical Temple.
 10192 | D:7      | Found a shadowy altar of Dithmenos.
 11019 | D:7      | Found a glowing golden altar of the Shining One.
 11202 | D:8      | Learned a level 4 spell: Fulminant Prism
 11600 | D:8      | Reached skill level 1 in Hexes
 12405 | D:8      | Reached skill level 9 in Conjurations
 13785 | D:9      | Reached XP level 10. HP: 80/80 MP: 17/25
 13999 | D:9      | Got a distressingly furry scale mail
 14024 | D:9      | Identified the +6 scale mail of Bomua {rF- rN+ Str+3 Int+4} (You found it on level 9 of the Dungeon)
 14565 | D:9      | Found a sparkling altar of Nemelex Xobeh.
 14634 | D:9      | Reached skill level 5 in Fighting
 15324 | D:10     | Entered Level 10 of the Dungeon
 16086 | D:10     | Noticed Erica
 16099 | D:10     | Killed Erica
 16437 | D:10     | Noticed a hill giant
 16450 | D:10     | Killed a hill giant
 16450 | D:10     | Reached XP level 11. HP: 85/89 MP: 5/27
 16520 | D:10     | Reached skill level 10 in Conjurations
 16765 | D:9      | Reached skill level 5 in Hexes
 17099 | D:9      | Noticed SeriousMike's ghost (journeyman FoFi)
 17111 | D:9      | Killed SeriousMike's ghost
 17558 | D:10     | Found a staircase to the Orcish Mines.
 17799 | D:10     | Learned a level 3 spell: Dazzling Spray
 17903 | D:10     | Noticed a hill giant
 17909 | D:10     | Killed a hill giant
 18056 | D:10     | Found a white marble altar of Elyvilon.
 18342 | D:11     | HP: 2/92 [something (7)]
 18344 | D:11     | Demolished by a hill giant

Action                   |  1- 3 |  4- 6 |  7- 9 | 10-12 || total
-------------------------+-------+-------+-------+-------++-------
Melee: Unarmed           |     2 |       |       |       ||     2
       Dagger            |       |    17 |    49 |       ||    66
       Rapier            |       |       |    60 |    36 ||    96
 Cast: Magic Dart        |    93 |   174 |   399 |   224 ||   890
       Searing Ray       |       |     1 |    23 |    14 ||    38
       Iskenderun's Myst |       |       |     6 |    13 ||    19
       Iskenderun's Batt |       |       |     3 |    11 ||    14
       Fulminant Prism   |       |       |     8 |    33 ||    41
       Dazzling Spray    |       |       |       |     3 ||     3
Evoke: Wand              |       |       |     2 |       ||     2
  Use: Scroll            |       |       |     7 |       ||     7
       Potion            |       |       |       |     2 ||     2
 Stab: Paralysed         |       |       |    15 |       ||    15
       Sleeping          |       |       |     2 |       ||     2
  Eat: Chunk             |     3 |    10 |    27 |    17 ||    57
       Pizza             |       |       |       |     1 ||     1
